 Dungeon Crawl Stone Soup version 0.27-a0-1219-g958d993ae5 (webtiles) character file.

Game seed: 6775373546510755307

55936 Zonian the Covert (level 15, -4/112 HPs)
             Began as a Human Conjurer on June 6, 2021.
             Was a High Priest of Vehumet.
             Slain by a large slime creature (7 damage)
             ... while paralysed by a great orb of eyes
             ... on level 6 of the Lair of Beasts.
             The game lasted 01:52:24 (31474 turns).

Zonian the Covert (Human Conjurer)                 Turns: 31474, Time: 01:52:25

Health: -4/112     AC:  7    Str: 10    XL:     15   Next: 20%
Magic:  0/36       EV:  2    Int: 23    God:    Vehumet [*****.]
Gold:   832        SH:  0    Dex: 11    Spells: 1/30 levels left

rFire    . . .     SeeInvis +   l - +5 scythe "Finisher" {speed, eviscerate}
rCold    . . .     Faith    .   (shield currently unavailable)
rNeg     . . .     Spirit   +   q - +2 robe {Archmagi}
rPois    .         Reflect  .   E - +1 hat {SInv}
rElec    .         Harm     .   p - +1 cloak
rCorr    .         Rampage  .   (no gloves)
Will     +....                  (no boots)
Stlth    ++++......             H - brooch of Shielding {Spirit SH+8}
HPRegen  0.28/turn              a - ring of magical power
MPRegen  0.25/turn              J - ring of wizardry

@: paralysed, mighty
A: no striking features
a: Renounce Religion


You were on level 6 of the Lair of Beasts.
You worshipped Vehumet.
Vehumet was extremely pleased with you.
You visited 2 branches of the dungeon, and saw 15 of its levels.

You collected 1074 gold pieces.
You spent 242 gold pieces at shops.

Inventory:

Hand Weapons
 g - the +4 whip of Gingale {flame, rElec rF+ Will- Str+4}
   (You bought it in a shop on level 7 of the Dungeon)

   It has been specially enchanted to burn those struck by it, causing extra
   injury to most foes and up to half again as much damage against particularly
   susceptible opponents.
   It affects your strength (+4).
   It protects you from fire.
   It insulates you from electricity.
   It decreases your willpower.
 i - a +4 scimitar of freezing
 j - a +2 dagger of protection
 l - the +5 scythe "Finisher" (weapon) {speed, eviscerate}
   (You found it on level 7 of the Dungeon)

   Attacks with this weapon are significantly faster.
 n - a +0 spear
 w - a +0 war axe
 x - a +3 hand axe of freezing
 y - the +6 spear "Undertaker" {drain, SInv}
   (You found it on level 3 of the Lair of Beasts)

   A truly terrible weapon, it drains the life of those it strikes.
   It lets you see invisible.
 C - the +9 hunting sling of the Other Side {flame, rElec Str+3 Dex+2}
   (You found it on level 7 of the Dungeon)

   It causes projectiles fired from it to burn those they strike, causing extra
   injury to most foes and up to half again as much damage against particularly
   susceptible opponents.
   It affects your strength (+3).
   It affects your dexterity (+2).
   It insulates you from electricity.
 G - a +5 halberd
 V - the +10 spear "Zonac" {drain, Contam Str+4 Dex+4 Stlth+}
   (You found it on level 6 of the Lair of Beasts)

   A truly terrible weapon, it drains the life of those it strikes.
   It affects your strength (+4).
   It affects your dexterity (+4).
   It causes magical contamination when unequipped.
   It makes you more stealthy.
Missiles
 d - 299 stones (quivered)
 e - 87 poisoned darts
 k - 7 boomerangs
 o - 27 sling bullets
 A - a curare-tipped dart
Armour
 p - a +1 cloak (worn)
 q - a +2 robe of the Archmagi (worn)
 s - a +2 leather armour of poison resistance
 E - a +1 hat of see invisible (worn)
Jewellery
 a - a ring of magical power (left hand)
 v - a ring of poison resistance
 B - an amulet of regeneration
 D - an amulet of magic regeneration
 H - the brooch of Shielding (around neck) {Spirit SH+8}
   (You found it on level 1 of the Lair of Beasts)

   [amulet of guardian spirit]

   It causes incoming damage to be divided between your reserves of health and
   magic.
   It affects your SH (+8).
 J - a ring of wizardry (right hand)
 K - a +6 ring of intelligence
 M - a +4 ring of protection
 Q - a ring of positive energy
 S - a ring of positive energy
Wands
 m - a wand of iceblast (26)
 r - a wand of mindburst (17)
 I - a wand of polymorph (20)
 T - a wand of charming (6)
Scrolls
 c - a scroll of enchant weapon
 U - a scroll of identify
Potions
 b - 2 potions of brilliance
 f - 4 potions of curing
 h - 3 potions of flight
 u - a potion of might
 z - 2 potions of lignification
 F - a potion of attraction
Miscellaneous
 R - a phantom mirror (inert)


   Skills:
 + Level 8.8 Fighting
 + Level 6.6 Polearms
 + Level 8.9 Slings
 + Level 8.9 Dodging
 + Level 9.7 Stealth
 + Level 8.3 Spellcasting
 + Level 9.7 Conjurations
 - Level 4.5 Hexes
 + Level 6.4 Translocations
 - Level 5.5 Ice Magic
 + Level 5.9 Air Magic
 + Level 6.1 Earth Magic


You had one spell level left.
You knew the following spells:

 Your Spells              Type           Power      Damage    Failure   Level
a - Magic Dart            Conj           100%       1d8       1%          1
b - Searing Ray           Conj           100%       3d7       1%          2
c - Sandblast             Erth           100%       2d20      1%          1
d - Fulminant Prism       Conj/Hex       29%        3d14      1%          4
e - Lightning Bolt        Conj/Air       31%        1d48      1%          5
f - Frozen Ramparts       Ice            100%       1d12      1%          3
g - Iskenderun's Mystic   Conj/Tloc      63%        2d13      1%          4
h - Airstrike             Air            27%        N/A       1%          4
i - Lee's Rapid Deconstr  Erth           27%        3d15*     1%          5

Your spell library contained the following spells:

 Spells                   Type           Power      Damage    Failure   Level
 Conjure Ball Lightning   Conj/Air       31%        3x3d10    4%          6
 Beastly Appendage        Tmut           28%        N/A       2%          1
 Summon Small Mammal      Summ           56%        N/A       2%          1
 Passwall                 Tmut/Erth      29%        N/A       1%          2
 Static Discharge         Conj/Air       62%        N/A       1%          2
 Confusing Touch          Hex            45%        N/A       1%          3
 Conjure Flame            Conj/Fire      48%        6-21      1%          3
 Dazzling Flash           Conj/Hex       100%       N/A       1%          3
 Gell's Gravitas          Tloc           28%        N/A       1%          3
 Portal Projectile        Hex/Tloc       100%       N/A       1%          3
 Stone Arrow              Conj/Erth      100%       3d13      1%          3
 Summon Guardian Golem    Hex/Summ       30%        N/A       3%          3
 Wereblood                Tmut           14%        N/A       4%          2
 Animate Armour           Summ/Erth      70%        N/A       8%          4
 Petrify                  Tmut/Erth      35%        N/A       8%          4
 Spider Form              Tmut/Pois      7%         N/A       9%          3
 Ice Form                 Ice/Tmut       33%        N/A       9%          4
 Yara's Violent Unravell  Hex/Tmut       15%        3d8       9%          5
 Metabolic Englaciation   Hex/Ice        24%        N/A       10%         5
 Hydra Form               Tmut           7%         N/A       56%         5
 Shadow Creatures         Summ           N/A        N/A       98%         6
 Ignition                 Fire           7%         3d4       100%        8
 Shatter                  Erth           27%        3d23*     100%        9
 Tornado                  Air            27%        N/A       100%        9


Dungeon Overview and Level Annotations

Branches:
Dungeon (9/15)             Temple (0/1) D:6            Lair (6/6) D:9
  Swamp (0/4) Lair:3       Spider (0/4) Lair:3        Slime (0/5) Lair:6
    Orc: D:9-12

Altars:
Vehumet
Zin
Jiyva

Shops:
D:3 [   D:5 :   D:7 [=((*


Message History

The great orb of eyes is moderately wounded.
Unknown command.
The searing ray hits the great orb of eyes!
The great orb of eyes is moderately wounded.
The great orb of eyes bites you!
* * * LOW HITPOINT WARNING * * *
Unknown command.
The searing ray hits the great orb of eyes but does no damage.
The great orb of eyes is moderately wounded.
You finish channeling your searing ray.
You block the great orb of eyes's attack.
Unknown command.
Casting: Searing Ray (safe; 1% risk of failure)
Confirm with . or Enter, or press ? or * to list all spells.
Aiming: Searing Ray (safe; 1% risk of failure)
Press: ? - help, Shift-Dir - straight line, f/p - great orb of eyes
Aim: a great orb of eyes (moderately wounded, 98% to hit)
You feel a surge of power!
The searing ray hits the great orb of eyes.
The great orb of eyes is moderately wounded. (Press . to maintain the ray.)
The slime creature quivers.
The great orb of eyes gazes at you.
You suddenly lose the ability to move!
The great orb of eyes bites you!
* * * LOW HITPOINT WARNING * * *
The great orb of eyes bites you.
* * * LOW HITPOINT WARNING * * *
A slime creature suddenly becomes a large slime creature.
The great orb of eyes gazes at you. You resist with significant effort.
The great orb of eyes gazes at you. You resist with significant effort.
The great orb of eyes gazes at you.
Your mind is blasted!
* * * LOW HITPOINT WARNING * * *
The great orb of eyes bites you.
* * * LOW HITPOINT WARNING * * *
The large slime creature hits you!
You die...

### ..## ..... ####.....
####.#..#.... ### ###
........JJ... ..#...#
..............###.......
..Y..........(#J@.._....
...#...........G#.......
###.##........#.#.......
####.#.(...##(#########
#........#.........#
#......#####G.....###
#..## ####.(......####
#.## ###..(......<....#
######ยง##..G..........##


You could see a great orb of eyes and a large slime creature.

Vanquished Creatures
  Kirke (Lair:5)
  Gastronok (Lair:1)
  2 rockslimes (Lair:6)
  A great orb of eyes (Lair:6)
  A fire dragon (Lair:6)
  9 hydras
  A boulder beetle (Lair:3)
  3 two-headed ogres
  4 death yaks (Lair:5)
  A skeletal warrior (D:7)
  A lindwurm (Lair:6)
  A manticore (Lair:6)
  15 elephants
  3 black mambas
  2 molten gargoyles (Lair:6)
  8 cane toads
  17 komodo dragons
  3 rime drakes
  A jumping spider (Lair:3)
  2 polar bears
  A troll (D:9)
  12 dream sheep
  12 blink frogs
  A redback (Lair:3)
  A shadow (D:7)
  6 wyverns
  A wraith (D:7)
  37 yaks
  5 basilisks
  Eustachio (D:4)
  4 hogs (Lair:5)
  Menkaure (D:4)
  6 steam dragons
  4 hell hounds (Lair:6)
  14 water moccasins
  A sky beast (D:7)
  7 necrophages
  An ice beast (D:4)
  3 ogres
  9 wolves
  4 centaurs
  A phantom (D:5)
  6 kobold brigands
  9 bullfrogs
  A gnoll sergeant (D:7)
  A water moccasin zombie (D:7)
  4 scorpions
  A wyvern zombie (D:7)
  15 jellies
  A water moccasin skeleton (D:6)
  A wyvern skeleton (D:5)
  13 killer bees
  8 wights
  4 howler monkeys
  8 electric eels
  A bullfrog zombie (D:6)
  4 lava snakes (Lair:6)
  A gnoll shaman (D:6)
  A bullfrog skeleton (D:6)
  2 centaur zombies (D:9)
  7 hounds
  An orc priest (D:7)
  An iguana (D:5)
  Jessica (D:2)
  Natasha (thrice) (D:2)
  5 orc wizards
  A killer bee zombie (D:9)
  15 gnolls
  3 adders
  A shadow imp (D:7)
  A white imp (D:5)
  2 ufetubi
  3 worms
  4 dart slugs
  14 orcs
  5 ball pythons
  11 endoplasms
  A giant cockroach (D:3)
  7 goblins
  2 hobgoblins (D:1)
  37 kobolds
  5 quokkas
  3 bats
  7 frilled lizards
  A quokka skeleton (D:4)
  A rat (D:3)
  A bush (Lair:5)
433 creatures vanquished.

Vanquished Creatures (others)
  A human (Lair:5)
  A bush (Lair:6)
  4 fulminant prisms
  82 fungi
  122 plants
210 creatures vanquished.

Grand Total: 643 creatures vanquished

Notes
Turn   | Place    | Note
-------+----------+-------------------------------------------
     0 | D:1      | Zonian the Human Conjurer began the quest for the Orb.
     0 | D:1      | Reached XP level 1. HP: 13/13 MP: 3/3
   350 | D:1      | Reached XP level 2. HP: 19/19 MP: 5/5
   553 | D:1      | Learned a level 2 spell: Searing Ray
  1569 | D:1      | Reached skill level 1 in Slings
  1595 | D:1      | Found a faded altar of an unknown god.
  1607 | D:1      | Became a worshipper of Vehumet
  1607 | D:1      | Reached * piety under Vehumet
  1607 | D:1      | Offered knowledge of Sandblast by Vehumet.
  1610 | D:1      | Learned a level 1 spell: Sandblast
  1810 | D:2      | Reached XP level 3. HP: 24/24 MP: 1/6
  2377 | D:2      | Noticed Natasha
  2382 | D:2      | Killed Natasha
  2383 | D:2      | Reached skill level 1 in Fighting
  2383 | D:2      | Reached XP level 4. HP: 31/32 MP: 0/7
  2566 | D:2      | Reached XP level 5. HP: 34/37 MP: 8/8
  2697 | D:2      | Noticed Natasha
  2706 | D:2      | Killed Natasha
  2793 | D:2      | Noticed Jessica
  2795 | D:2      | Killed Jessica
  2795 | D:2      | Noticed Natasha
  2933 | D:2      | Killed Natasha
  2934 | D:2      | Reached skill level 1 in Earth Magic
  3729 | D:3      | Reached XP level 6. HP: 44/44 MP: 9/9
  4152 | D:3      | Found Xojem's Antique Armour Shop.
  4167 | D:3      | Bought a runed robe for 62 gold pieces
  4341 | D:4      | Noticed an ice beast
  4347 | D:4      | Killed an ice beast
  4354 | D:4      | Noticed Eustachio
  4364 | D:4      | Killed Eustachio
  4365 | D:4      | Reached XP level 7. HP: 39/50 MP: 5/11
  4406 | D:4      | Reached skill level 5 in Conjurations
  4986 | D:4      | Reached ** piety under Vehumet
  4986 | D:4      | Offered knowledge of Freeze by Vehumet.
  5039 | D:4      | Noticed Menkaure
  5045 | D:4      | Killed Menkaure
  5046 | D:4      | Reached XP level 8. HP: 56/58 MP: 11/13
  5489 | D:5      | Entered Level 5 of the Dungeon
  5780 | D:5      | Found Siuzxist's Book Emporium.
  6264 | D:5      | Learned a level 4 spell: Fulminant Prism
  6346 | D:5      | Reached XP level 9. HP: 38/65 MP: 15/15
  7132 | D:6      | Reached skill level 5 in Stealth
  7237 | D:6      | Offered knowledge of Conjure Flame by Vehumet.
  7256 | D:6      | Learned a level 3 spell: Conjure Flame
  7261 | D:6      | Found a staircase to the Ecumenical Temple.
  7692 | D:7      | Found Yshuff's Jewellery Shop.
  7914 | D:7      | Reached *** piety under Vehumet
  7920 | D:7      | Reached skill level 5 in Dodging
  8082 | D:7      | Reached skill level 5 in Slings
  8232 | D:7      | Reached XP level 10. HP: 61/73 MP: 17/17
  8241 | D:7      | Noticed a skeletal warrior
  8449 | D:7      | Found Boetzah's Weapon Shoppe.
  8450 | D:7      | Found Guihut's Antique Weapon Shop.
  8464 | D:7      | Bought a blackened whip for 180 gold pieces
  8464 | D:7      | Identified the +4 whip of Gingale {flame, rElec rF+ Will-
                  | Str+4} (You bought it in a shop on level 7 of the Dungeon)
  8513 | D:7      | Offered knowledge of Frozen Ramparts by Vehumet.
  8683 | D:7      | Noticed a two-headed ogre
  8689 | D:7      | Killed a two-headed ogre
  8690 | D:7      | Reached skill level 5 in Fighting
  8690 | D:7      | Reached skill level 5 in Spellcasting
  8921 | D:7      | Reached skill level 5 in Earth Magic
  9384 | D:7      | Learned a level 3 spell: Frozen Ramparts
  9389 | D:7      | Learned a level 4 spell: Iskenderun's Mystic Blast
  9648 | D:7      | Found Viqad's General Store.
 10113 | D:7      | Identified the +9 hunting sling of the Other Side {flame,
                  | rElec Str+3 Dex+2}
 10216 | D:7      | Found Caqaip's Armour Shoppe.
 10347 | D:7      | Killed a skeletal warrior
 10348 | D:7      | Reached skill level 1 in Translocations
 10348 | D:7      | Reached skill level 1 in Ice Magic
 10503 | D:7      | Found the +5 scythe "Finisher" {speed, eviscerate}
 11209 | D:8      | Reached **** piety under Vehumet
 11210 | D:8      | Reached skill level 1 in Polearms
 11210 | D:8      | Reached XP level 11. HP: 51/81 MP: 19/19
 11499 | D:9      | Noticed a two-headed ogre
 11666 | D:8      | Offered knowledge of Airstrike by Vehumet.
 12762 | D:9      | Killed a two-headed ogre
 13343 | D:9      | Found a staircase to the Lair.
 14240 | D:9      | Noticed a two-headed ogre
 14248 | D:9      | Killed a two-headed ogre
 14505 | D:9      | Found a glowing silver altar of Zin.
 14644 | D:9      | Learned a level 4 spell: Airstrike
 14668 | Lair:1   | Entered Level 1 of the Lair of Beasts
 14707 | Lair:1   | Found the brooch of Shielding {Spirit SH+8}
 15003 | Lair:1   | Noticed Gastronok
 15098 | Lair:1   | Reached skill level 1 in Hexes
 15267 | Lair:1   | Reached skill level 1 in Air Magic
 15338 | Lair:1   | Reached XP level 12. HP: 89/89 MP: 21/21
 15944 | Lair:1   | Killed Gastronok
 17317 | Lair:2   | Noticed a six-headed hydra
 18736 | Lair:2   | Reached XP level 13. HP: 96/96 MP: 23/23
 19341 | Lair:3   | Noticed a seven-headed hydra
 19349 | Lair:3   | Killed a seven-headed hydra
 19359 | Lair:3   | Noticed a five-headed hydra
 19623 | Lair:3   | Killed a five-headed hydra
 19718 | Lair:3   | Found a staircase to the Swamp.
 19728 | Lair:3   | Noticed a five-headed hydra
 19743 | Lair:3   | Killed a five-headed hydra
 20037 | Lair:3   | Reached ***** piety under Vehumet
 20272 | Lair:3   | Noticed a seven-headed hydra
 20282 | Lair:3   | Killed a seven-headed hydra
 20282 | Lair:3   | Offered knowledge of Eringya's Noxious Bog by Vehumet.
 20388 | Lair:3   | Identified the +6 spear "Undertaker" {drain, SInv}
 20630 | Lair:3   | Noticed a five-headed hydra
 20632 | Lair:3   | Noticed a boulder beetle
 20648 | Lair:3   | Killed a five-headed hydra
 20649 | Lair:3   | Reached skill level 5 in Translocations
 20649 | Lair:3   | Reached skill level 5 in Ice Magic
 20694 | Lair:3   | Killed a boulder beetle
 21155 | Lair:3   | Found a hole to the Spider Nest.
 21693 | Lair:4   | Reached skill level 5 in Polearms
 22247 | Lair:4   | Found a frozen archway.
 22277 | Lair:4   | Identified the Incunabulum of the Escort and the Traveller
 22860 | Lair:5   | Reached XP level 14. HP: 66/104 MP: 9/25
 23275 | Lair:5   | Learned a level 5 spell: Lee's Rapid Deconstruction
 23733 | Lair:5   | Noticed Kirke
 23745 | Lair:5   | Killed Kirke
 24233 | Lair:5   | You fall into a shaft and drop 1 floor!
 24233 | Lair:6   | Entered Level 6 of the Lair of Beasts
 25478 | Lair:5   | Reached skill level 5 in Air Magic
 26193 | Lair:5   | Offered knowledge of Olgreb's Toxic Radiance by Vehumet.
 27508 | Lair:6   | Learned a level 5 spell: Lightning Bolt
 27694 | Lair:6   | Found a staircase to the Slime Pits.
 29126 | Lair:6   | Found a large runed translucent door.
 29439 | Lair:6   | Found a large runed translucent door.
 29679 | Lair:6   | Identified the +10 spear "Zonac" {drain, Contam Str+4 Dex+4
                  | Stlth+}
 30100 | Lair:6   | Noticed a rockslime
 30101 | Lair:6   | Noticed a rockslime
 30110 | Lair:6   | Reached XP level 15. HP: 46/112 MP: 5/27
 30936 | Lair:6   | Noticed a rockslime
 30998 | Lair:6   | Killed a rockslime
 31106 | Lair:6   | Offered knowledge of Conjure Ball Lightning by Vehumet.
 31403 | Lair:6   | HP: 8/168 [rockslime (8)]
 31404 | Lair:6   | Killed a rockslime
 31435 | Lair:6   | Noticed an acid blob
 31462 | Lair:6   | Found a viscous altar of Jiyva.
 31468 | Lair:6   | Paralysed by a great orb of eyes for 7 turns
 31473 | Lair:6   | HP: 5/112 [disintegration (13)]
 31474 | Lair:6   | Slain by a large slime creature

Illustrated notes

Levels and vault maps discovered:
D:1:      minmay_arrival_shattered_statue, layout_basic,
          hellmonk_ecumenical_altar_prayer_group
D:2:      layout_loops_ring, uniq_natasha, uniq_jessica
D:3:      layout_loops_cross, serial_shops, shop
D:4:      layout_loops_cross, lightli_ossuary_entry_decrepit_ruins,
          abandoned_shop, uniq_eustachio, uniq_menkaure
D:5:      layout_basic, serial_shops,
          nicolae_shop_temple_entry_statues_fountains
D:6:      layout_rooms, minmay_temple_entry_arrows
D:7:      layout_basic, serial_shops, shop, shop,
          nicolae_shop_temple_entry_statues_fountains, shop, shop,
          moated_statue, minmay_guarded_unrand_finisher
D:8:      layout_basic
D:9:      layout_roguey, marbit_many_paths, erik_lair_island,
          lightli_orcish_oven
Lair:1:   layout_loops_ring, lemuel_fruit_fields, uniq_gastronok
Lair:2:   layout_cave_pods, pond
Lair:3:   layout_cave_pods, swamp_mist, spider_nest_entry_funnel_web
Lair:4:   layout_hall_layers, portal_ice_cave_entry_pillars_1,
          serial_bayou_lake_a
Lair:5:   layout_roguey, serial_bayou_lagoon_a, roderic_carrion_pond, uniq_kirke
Lair:6:   cheibrodos_lair_end_hotspot, layout_loops_ring,
          nicolae_slime_entry_slimehenge, special_room [special_room_jelly]

Skill      XL: |  1  2  3  4  5  6  7  8  9 10 11 12 13 14 15 |
---------------+----------------------------------------------+-----
Slings         | 1 2 3 4 5 6 7 8 |  8.9
Fighting       | 1 2 3 4 5 6 7 8 |  8.8
Earth Magic    | 1 2 3 4 5 6 |  6.1
Stealth        | 3 4 5 6 7 8 9 |  9.7
Dodging        | 3 4 5 6 7 8 |  8.9
Spellcasting   | 3 4 5 6 7 8 |  8.3
Conjurations   | 5 6 7 8 9 |  9.7
Translocations | 1 3 4 5 6 |  6.4
Ice Magic      | 1 3 4 5 |  5.5
Polearms       | 1 3 4 5 6 |  6.6
Hexes          | 1 3 4 |  4.5
Air Magic      | 1 3 4 5 |  5.9

Action                   |  1- 3 |  4- 6 |  7- 9 | 10-12 | 13-15 || total
-------------------------+-------+-------+-------+-------+-------++-------
Melee: Whip              |       |       |       |    27 |     1 ||    28
       Scythe            |       |       |       |    12 |    95 ||   107
       Scimitar          |       |       |       |     4 |       ||     4
       Hunting sling     |       |       |       |     1 |       ||     1
       Dagger            |       |       |       |     1 |       ||     1
       Spear             |       |       |       |       |    58 ||    58
 Fire: Hunting sling     |    53 |    60 |   171 |   388 |   313 ||   985
Throw: Stone             |       |       |       |    19 |     8 ||    27
       Throwing net      |       |       |       |     1 |       ||     1
 Cast: Magic Dart        |    13 |       |       |       |     8 ||    21
       Searing Ray       |     3 |     7 |    26 |    47 |    59 ||   142
       Sandblast         |       |       |     3 |     1 |     1 ||     5
       Iskenderun's Myst |       |       |       |    11 |    28 ||    39
       Fulminant Prism   |       |       |       |     3 |     1 ||     4
       Frozen Ramparts   |       |       |       |    22 |    17 ||    39
       Conjure Flame     |       |       |       |     5 |     2 ||     7
       Airstrike         |       |       |       |       |    30 ||    30
       Lightning Bolt    |       |       |       |       |    19 ||    19
       Lee's Rapid Decon |       |       |       |       |     5 ||     5
Evoke: Wand              |       |       |       |     2 |    11 ||    13
       Phantom mirror    |       |       |       |       |     1 ||     1
  Use: Scroll            |       |     9 |     6 |    11 |     7 ||    33
       Potion            |       |       |     2 |     9 |     8 ||    19
 Stab: Sleeping          |       |       |       |     2 |     1 ||     3
Armor: Robe              |     8 |    10 |    23 |    63 |    58 ||   162
       Skin              |       |       |       |    25 |     2 ||    27
Dodge: Dodged            |    13 |    13 |    51 |   156 |   184 ||   417
Block: Other             |       |       |       |    21 |   116 ||   137
       Rpst.: Scimitar   |       |       |       |     2 |       ||     2

Table legend: (Time is in decaauts)
 A = Elapsed time spent in this place.
 B = Non-inter-level travel time spent in this place.
 C = Inter-level travel time spent in this place.
 D = Time resting spent in this place.
 E = Time spent auto-exploring this place.
 F = Levels seen in this place.
 G = Mean time per level.
                   A        B        C        D        E       F      G
               +--------+--------+--------+--------+--------+-----+--------+
         Total |  31515 |  30711 |    804 |  16456 |   8420 |  15 | 2101.0 |
       Dungeon |  14693 |  14242 |    451 |   6600 |   4803 |   9 | 1632.6 |
          Lair |  16822 |  16469 |    353 |   9856 |   3617 |   6 | 2803.7 |
               +--------+--------+--------+--------+--------+-----+--------+

Top non-repeatable levels by time:
  Lair:5: 5061 daAuts
  Lair:6: 3610 daAuts
  Lair:2: 3173 daAuts
     D:7: 3110 daAuts
     D:9: 2361 daAuts
  Lair:3: 2055 daAuts
     D:1: 1811 daAuts
     D:8: 1727 daAuts
  Lair:1: 1725 daAuts
     D:2: 1360 daAuts
     D:4: 1196 daAuts
  Lair:4: 1196 daAuts
     D:5: 1194 daAuts
     D:3: 1135 daAuts
     D:6: 796 daAuts
